cohdb
Replays
Latest Replays
All Replays
Popular Replays
Top Player Replays
Match Explorer
How It Works
Community
CoH3 Stats
Reddit
Sign in to upload your games and track your stats! →
Sign in with Steam
Match 43458052
Unlisted
Match 43458052
Overview
Messages
Build Orders
End
Panzerpioneer Squad
250 Light Carrier
250 Light Carrier
Construct Light Support Kompanie
Combat Half-tracks
Fire Support Elements
Pak 38 Anti-tank Gun Team
Vehicle Survival Package
Selects Armored Support Battlegroup
Selects Salvage Kits
Assault Mechanized Group
Panzerpioneer Squad
Selects Superior Fire Drills
Panzerpioneer Squad
Construct Panzerarmee Kommand
Pak 38 Anti-tank Gun Team
Selects Flammpanzer III Medium Tank
Armored Reserves
Emergency Repair Kits
Rapid Advance
Panzer IV Assault Group
Advanced Optics
Selects Command Panzer IV F Medium Tank
Command Panzer IV F Medium Tank
Advanced Field Repairs
Panzer IV Assault Group
Tungsten Core Ammunition
Selects Panzer Storm
Walking Stuka Rocket Launcher
Panzer Storm
Selects Stuka Dive Bomb
Stuka Dive Bomb
Kampfstärke
max
Henkolicious
377480068
Wehearvoices
A-Kai
NigelThornberry
Diter Rams
0
0
Comments
sign in to comment!
No comments posted yet!